 Dungeon Crawl Stone Soup version 0.31.0-12-g77e489cdc1 (webtiles) character file.

Game seed: 15818520626914563775

225 Silvore the Slasher (level 5, -3/42 HPs)
             Began as a Demonspawn Fighter on Feb 13, 2024.
             Slain by an ogre
             ... wielding a +0 giant club
              (23 damage)
             ... on level 4 of the Dungeon.
             The game lasted 00:03:18 (2114 turns).

Silvore the Slasher (Demonspawn Fighter)            Turns: 2114, Time: 00:03:19

Health: -3/42      AC: 13    Str: 18    XL:     5   Next: 68%
Magic:  5/5        EV:  9    Int:  9    God:
Gold:   157        SH:  4    Dex: 12    Spells: 4/4 levels left

rFire   . . .        a - +2 long sword
rCold   . . .        c - +0 buckler
rNeg    . . .        b - +0 scale mail
rPois   +            h - +1 helmet
rElec   .            (no cloak)
rCorr   .            (no gloves)
SInv    .            (no boots)
Will    .....        (no amulet) Stlth
                     g - +4 ring of protection
HPRegen 0.27/turn    j - ring of poison resistance
MPRegen 0.09/turn

%: no passive effects
@: mighty
A: ignite blood 1, powered by pain 2
a: no special abilities


You were on level 4 of the Dungeon.
You visited 1 branch of the dungeon, and saw 4 of its levels.

You collected 157 gold pieces.

Inventory:

Hand Weapons
 a - a +2 long sword (weapon)
Armour
 b - a +0 scale mail (worn)
 c - a +0 buckler (worn)
 h - a +1 helmet (worn)
Jewellery
 g - a +4 ring of protection (left hand)
 j - a ring of poison resistance (right hand)
 o - a ring of flight
Scrolls
 f - 2 scrolls of enchant weapon
Potions
 e - a potion of mutation {unknown}
 i - a potion of attraction {unknown}
 k - 2 potions of curing {unknown}
 l - a potion of enlightenment {unknown}
 m - 3 potions of lignification
 n - 2 potions of heal wounds {unknown}
 p - a potion of brilliance {unknown}


   Skills:
 + Level 3.7 Fighting
 + Level 4.0 Long Blades
 + Level 3.6 Armour
 + Level 1.0 Dodging
 + Level 0.1 Stealth
 + Level 3.0 Shields


You had 4 spell levels left.
You didn't know any spells.
Your spell library contained the following spells:

 Spells                   Type           Power      Damage    Failure   Level
 Static Discharge         Conj/Air       0%         3-3/arc   94%         2
 Airstrike                Air            0%         2d(0-16)  100%        4
 Summon Lightning Spire   Summ/Air       0%         N/A       100%        4


Dungeon Overview and Level Annotations

Branches:
Dungeon (4/15)             Temple (0/1) D:4

Altars:
Xom

Annotations:
D:3 2 transporters, DimondSprtn's ghost, amateur OnGl
D:4 Sigmund


Innate Abilities, Weirdness & Mutations

Your demonic aura sometimes causes spilled blood to erupt in flames.
You sometimes gain power by taking damage.


Message History

Sigmund the Dreaded comes into view.
He is wielding a +2 scythe of freezing and wearing a +0 robe of positive energy.
Found 5 datura-tipped darts.
Found a staircase to the Ecumenical Temple.
Sigmund shouts!
You hear a shout! x2
An orc comes into view. It is wielding a +0 short sword.
An ogre comes into view. It is wielding a +0 giant club.
Sigmund casts a spell at you.
You are confused.
An orc priest comes into view. It is wielding a +0 short sword.
Sigmund attacks as he pursues you! Sigmund hits you but does no damage.
You're too confused to move!
The orc priest shouts!
You hear an angry hiss.
Sigmund points at you and mumbles some strange words.
The magic dart hits you but does no damage.
You feel less confused. Sigmund closely misses you.
The ogre hits you with a +0 giant club!!
Ouch! That really hurt!
You focus on the pain.
You feel very mighty all of a sudden.
Unknown command.
Okay, then.
Sorry, you're not good enough to have a special ability.
You feel mightier all of a sudden.
Sigmund mumbles some strange words.
Sigmund flickers and vanishes!
Deactivating autopickup; reactivate with Ctrl-A.
You slash the orc priest!
The orc priest is heavily wounded.
An adder comes into view.
The ogre barely misses you. The orc priest closely misses you.
Something hits you but does no damage.
You completely miss the orc priest.
The orc priest is heavily wounded.
The orc priest hits you but does no damage.
The orc hits you but does no damage.
The ogre hits you with a +0 giant club!!
Ouch! That really hurt!
You die...
Xom bursts into laughter!

#### #####...
#....... # #########
#.###.#. ......)...#
#.###... #.##.....#
######....##.
#........#
#.......#.#..
#..O..###.#####.#.#..
#.#..o@°..#.# #...#.)
#S..{o....#.# #####)#
.......###...'.####
#..).# >.#.##.
#...#....# #.#### #
.. #...#....###.#...
.#( #...#....+...#.##
#.#.
#...#....###..... .
.. #...#....# #>##.#
.# #.
#...#....###.##..


You could see an ogre, an orc priest, an adder and an orc.

Vanquished Creatures
  A jelly (D:4)
  A hound (D:4)
  Jessica (D:3)
  An orc wizard (D:4)
  3 adders
  3 dart slugs
  7 orcs
  5 ball pythons
  4 bats
  10 endoplasms
  2 giant cockroaches
  8 hobgoblins
  5 jackals (D:1)
  6 kobolds
  2 quokkas
  3 frilled lizards
  6 goblins
  3 rats
71 creatures vanquished.

Notes
Turn   | Place    | Note
-------+----------+-------------------------------------------
     0 | D:1      | Silvore the Demonspawn Fighter began the quest for the Orb.
     0 | D:1      | Reached XP level 1. HP: 18/18 MP: 1/1
    18 | D:1      | Reached skill level 2 in Long Blades
    99 | D:1      | Gained mutation: Your demonic aura sometimes causes spilled
                  | blood to erupt in flames. [demonic ancestry]
    99 | D:1      | Reached XP level 2. HP: 21/24 MP: 2/2
   305 | D:1      | Gained mutation: You sometimes gain a little power by
                  | taking damage. [demonic ancestry]
   305 | D:1      | Reached XP level 3. HP: 25/29 MP: 3/3
   891 | D:2      | Reached XP level 4. HP: 18/35 MP: 4/4
  1206 | D:2      | Found a faded altar of an unknown god.
  1212 | D:2      | Reached skill level 3 in Long Blades
  1219 | D:2      | Prayed at the altar of an unknown god.
  1219 | D:2      | Became a worshipper of Xom of Chaos
  1267 | D:2      | XOM: divination: magic mapping
  1323 | D:2      | Fell from the grace of Xom
  1682 | D:3      | Noticed Jessica
  1686 | D:3      | Killed Jessica
  1727 | D:3      | Found a transporter.
  1727 | D:3      | Noticed DimondSprtn's ghost (amateur OnGl)
  1730 | D:3      | Found a transporter.
  1968 | D:4      | Gained mutation: You sometimes gain power by taking damage.
                  | [demonic ancestry]
  1968 | D:4      | Reached XP level 5. HP: 38/41 MP: 5/5
  2002 | D:4      | Reached skill level 1 in Dodging
  2101 | D:4      | Reached skill level 4 in Long Blades
  2106 | D:4      | Found a staircase to the Ecumenical Temple.
  2106 | D:4      | Noticed Sigmund
  2106 | D:4      | Noticed an ogre
  2114 | D:4      | Slain by an ogre

Illustrated notes

Levels and vault maps discovered:
D:1:      saegor_arrival_simple_a, layout_rooms
D:2:      layout_rooms, shapermc_ecumenical_altar_mp_highgroup,
          kennysheep_generic_room_16
D:3:      layout_basic, gammafunk_ghost_mausoleum, uniq_jessica
D:4:      layout_basic, minmay_temple_entry_ruins, uniq_sigmund

Skill      XL: |  1  2  3  4  5 |
---------------+----------------+-----
Long Blades    | 2 3 4 |  4.0
Shields        | 3 |  3.0
Armour         | 3 |  3.6
Dodging        | 1 |  1.0
Fighting       | |  3.7
Stealth        | |  0.1

Action                     |  1- 3 |  4- 6 || total
---------------------------+-------+-------++-------
  Melee: Long sword        |   129 |    72 ||   201
 Invoke: Renounce Religion |       |     1 ||     1
    Use: Scroll            |     2 |     6 ||     8
         Potion            |       |     1 ||     1
 Armour: Scale mail        |   105 |    49 ||   154
  Dodge: Dodged            |    69 |    39 ||   108
  Block: Buckler           |    27 |    20 ||    47
